AoeStats
← [Marty]TheEY

Arena

509054522Analyzed
4v4 RM · 8d ago on Sep 25, 2026· 59m 21s· 8 players
Game mode
Random Map
Map size
Large (8 player)
Population
200
Speed
Normal
Resources
Standard
Victory
Conquest
Starting age
Dark Age
Ending age
Imperial Age
RankedLock teamsTeams togetherTeam positionsShared explorationLock speedFull tech treeHidden civsTurbo modeCheats
Victory
Defeat
🇦🇺 Cumans · Australia
1509
+20
🇭🇰 Poles · Hong Kong SAR China
1502
+20
🇦🇺 Portuguese · Australia
1453
+22
🇦🇺 Goths · Australia
1449
+21
🇨🇳 Koreans · China
1606
-22
🇺🇸 Inca · United States
1602
-21
🇨🇱 Georgians · Chile
1591
-21
🇩🇪 Mongols · Germany
1544
-19
BeardyMan37
11:18 Feudal Age
12:22 Double-Bit Axe
12:33 Horse Collar
15:13 Castle Age
16:16 Bow Saw
16:52 Wheelbarrow
16:52 Heavy Plow
20:29 Town Watch
21:51 Hand Cart
23:27 Loom
23:38 Gold Mining
23:39 Stone Mining
28:08 Imperial Age
26:09 Scale Mail Armor
26:20 Forging
27:04 Gold Shaft Mining
27:11 Stone Shaft Mining
27:18 Chain Mail Armor
27:06 Squires
26:56 Arson
28:31 Iron Casting
28:21 Elite Kamayuk
29:56 Plate Mail Armor
29:13 Treadmill Crane
32:04 Blast Furnace
30:54 Capped Ram
31:52 Siege Ram
33:18 Siege Engineers
33:39 Masonry
35:17 Coinage
37:25 Banking
37:02 Heavy Scorpion
38:03 Ballistics
38:44 Chemistry
44:52 Hoardings
44:37 Conscription
46:38 Fletching
46:34 Arrowslits
47:17 Bodkin Arrow
47:13 Guard Tower
48:57 Keep
48:28 Bracer
49:02 Murder Holes
55:05 Caravan
daumasson
9:41 Feudal Age
13:08 Castle Age
11:00 Double-Bit Axe
11:10 Horse Collar
14:21 Bow Saw
19:34 Wheelbarrow
21:36 Scale Barding Armor
21:43 Forging
21:51 Gold Mining
21:49 Loom
23:27 Hand Cart
23:55 Heavy Plow
23:49 Loom
24:54 Husbandry
25:04 Bloodlines
25:01 Scale Barding Armor
25:47 Bloodlines
26:29 Forging
26:10 Town Watch
33:51 Imperial Age
32:22 Chain Barding Armor
33:07 Iron Casting
35:35 Blast Furnace
34:11 Elite Steppe Lancer
36:15 Blast Furnace
35:29 Onager
37:26 Conscription
36:59 Fletching
37:17 Siege Engineers
40:11 Siege Onager
43:58 Drill
43:29 Light Cavalry
44:43 Capped Ram
45:43 Siege Ram
47:11 Conscription
49:32 Chemistry
48:58 Hussar
52:21 Bodkin Arrow
52:27 Padded Archer Armor
52:23 Murder Holes
53:00 Elite Mangudai
58:58 Ballistics
AiM | PoRRo
11:28 Feudal Age
11:17 Loom
15:52 Castle Age
14:13 Double-Bit Axe
23:21 Imperial Age
25:28 Chemistry
25:16 Padded Archer Armor
26:19 Leather Archer Armor
29:14 Conscription
29:35 Fortified Wall
29:47 Town Watch
32:17 Masonry
33:56 Hoardings
36:09 Fletching
41:50 Wheelbarrow
42:35 Elite Skirmisher
43:54 Bodkin Arrow
44:42 Bracer
52:52 Bow Saw
52:33 Gold Mining
52:57 Guard Tower
53:38 Svan Towers
54:50 Ballistics
55:03 Architecture
56:57 Scale Barding Armor
57:11 Forging
56:48 Light Cavalry
57:38 Bloodlines
58:12 Horse Collar
58:46 Murder Holes
59:04 Husbandry
59:34 Heavy Plow
儒门_重农抑商
[Marty]TheEY
Catskin
9:06 Feudal Age
10:17 Double-Bit Axe
10:13 Horse Collar
11:42 Horse Collar
16:43 Wheelbarrow
18:56 Castle Age
18:10 Scale Barding Armor
18:20 Gold Mining
19:19 Bloodlines
21:40 Bow Saw
24:13 Chain Barding Armor
25:46 Forging
27:57 Iron Casting
30:26 Imperial Age
28:40 Stone Mining
30:24 Hand Cart
29:55 Loom
29:55 Town Watch
30:39 Fletching
30:49 Padded Archer Armor
30:45 Cavalier
32:05 Plate Barding Armor
31:36 Bodkin Arrow
31:41 Padded Archer Armor
31:50 Thumb Ring
32:52 Chemistry
34:42 Leather Archer Armor
34:49 Ballistics
35:10 Gold Shaft Mining
37:19 Two-Man Saw
36:21 Heavy Plow
35:57 Light Cavalry
37:09 Ring Archer Armor
37:48 Steppe Husbandry
38:13 Conscription
39:02 Plate Barding Armor
39:28 Blast Furnace
38:38 Hussar
40:59 Elite Kipchak
47:18 Parthian Tactics
53:36 Hoardings
53:14 Masonry
53:00 Murder Holes
54:29 Capped Ram
55:29 Siege Ram
Grillipop
10:03 Feudal Age
14:09 Castle Age
12:16 Double-Bit Axe
12:39 Horse Collar
15:28 Bow Saw
19:05 Heavy Plow
21:40 Wheelbarrow
21:27 Gold Mining
22:30 Stone Mining
24:05 Loom
26:55 Imperial Age
24:54 Scale Mail Armor
24:52 Loom
24:52 Town Watch
25:25 Forging
26:10 Chain Mail Armor
25:27 Man-at-Arms
26:25 Squires
27:26 Iron Casting
26:41 Long Swordsman
27:09 Two-Handed Swordsman
29:49 Conscription
29:25 Champion
31:43 Perfusion
32:30 Hand Cart
32:17 Town Patrol
32:28 Masonry
31:53 Pikeman
33:38 Blast Furnace
33:48 Chemistry
33:21 Padded Archer Armor
35:37 Leather Archer Armor
38:35 Architecture
41:58 Ring Archer Armor
41:20 Fletching
42:28 Elite Huskarl
43:19 Anarchy
47:58 Murder Holes
48:25 Ballistics
48:01 Bodkin Arrow
49:06 Sappers
57:55 Murder Holes
doggenoside12
10:14 Feudal Age
14:11 Castle Age
12:05 Horse Collar
13:24 Double-Bit Axe
14:47 Wheelbarrow
15:33 Bow Saw
18:04 Loom
20:14 Hand Cart
20:51 Town Watch
22:12 Gold Mining
28:10 Imperial Age
26:55 Fletching
27:06 Padded Archer Armor
27:22 Crossbowman
28:12 Bodkin Arrow
28:32 Leather Archer Armor
28:46 Ballistics
28:22 Arbalester
29:07 Thumb Ring
29:17 Bracer
31:23 Chemistry
31:07 Thumb Ring
37:58 Ring Archer Armor
37:34 Scale Barding Armor
37:39 Forging
37:53 Light Cavalry
38:43 Bloodlines
38:34 Husbandry
38:59 Siege Engineers
39:05 Masonry
40:25 Arquebus
43:56 Chain Barding Armor
44:12 Iron Casting
47:35 Plate Barding Armor
48:01 Blast Furnace
47:12 Scale Mail Armor
52:53 Conscription
52:41 Circumnavigation
53:02 Conscription
54:41 Capped Ram
Connection lost

Rejoining the realm…

Still unreachable

The connection could not be restored.

Session expired

The server has moved on; the page needs a fresh start.